Workbook

Sheet Notas de la 8-27
A3: EMPRESA DE GENERACION HIDROELECTRICA DOMINICANA
A4: NOTAS A LOS ESTADOS FINANCIEROS
A5: 2025-2024
A6: Valores en RD$
C8: PERIODOS
A10: Nota #8 Efectivo y equivalentes de efectivo. | C10: 2025 | D10: 2024
A11: Un detalle del efectivo y equivalente de efectivo al 31 de diciembre de 2025 y 2024 es como sigue:
A13: 100100200 | B13: FONDOS DE CAJA CHICA | D13: 473.97
A14: 100100201 | B14: CAJA CHICA 1 | C14: 1314127.1 | D14: 1234554.1
A15: Sub - Total Caja | C15: =SUM(C13:C14) -> 1314127.1 | D15: =SUM(D13:D14) -> 1235028
A16: 100210100 | B16: CUENTA DE OPERACIONES 100-01-240-0126-4 | C16: 1.766786e+08 | D16: 4.6095394e+08
A17: 100210101 | B17: CHEQUES 100-01-240-0126-47-4 | C17: -22240047 | D17: -79108146
A18: 100210102 | B18: DEPOSITOS 100-01-240-0126-47-4 | C18: 430.65 | D18: 0
A19: 100210104 | B19: N/D 100-01-240-0126-47-4 | C19: 0 | D19: 0
A20: 100210105 | B20: T/D 100-01-240-0126-47-4 | C20: 0 | D20: 0
A21: 100210106 | B21: T/C 100-01-240-0126-47-4 | C21: 0 | D21: 0
B22: CUENTA DE OPERACIONES 100-01-240-0126-4 | C22: =SUM(C16:C21) -> 1.5443898e+08 | D22: =SUM(D16:D21) -> 3.818458e+08
A23: 100220100 | B23: CUENTA DE NOMINAS 100-01-240-012648-2 | C23: 1.1841476e+08 | D23: 1.6765791e+08
A24: 100220101 | B24: CHEQUES 100-01-240-012648-2 | C24: -6433037.5 | D24: -4035009.6
A25: 100220102 | B25: DEPOSITOS 100-01-240-012648-2 | C25: 0 | D25: 0
A26: 100220105 | B26: T/D 100-01-240-012648-2 | C26: 0 | D26: -9223880.2
A27: 100220106 | B27: T/C 100-01-240-012648-2 | C27: 0 | D27: 0
A28: 100220107 | B28: 100-01-240-012648-2 | C28: -588746 | D28: 590738.79
B29: CUENTA DE NOMINAS 100-01-240-012648-2 | C29: =SUM(C23:C28) -> 1.1139298e+08 | D29: =SUM(D23:D28) -> 1.5498975e+08
A30: 100230100 | B30: CUENTA DE INGRESOS 100-01-240-012649-0 | C30: 83630328 | D30: 6.1946686e+08
A31: 100230102 | B31: DEPOSITOS 100-01-240-012649-0 | C31: 12952.62 | D31: 0
A32: 100230105 | B32: T/D 100-01-240-012649-0 | C32: 0 | D32: 0
A33: 100230106 | B33: T/C 100-01-240-012649-0 | C33: 0 | D33: 0
B34: CUENTA DE INGRESOS 100-01-240-012649-0 | C34: =SUM(C30:C33) -> 83643280 | D34: =SUM(D30:D33) -> 6.1946686e+08
A35: 100240100 | B35: CUENTA DE PROYECTOS 100-01-240-012650-4 | C35: 4.9755802e+08 | D35: 4.0496311e+08
A36: 100240101 | B36: CHEQUES 100-01-240-012650-4 | C36: 0 | D36: -42787921
A37: 100240106 | B37: T/C 100-01-240-012650-4 | C37: 0 | D37: 0
B38: CUENTA DE PROYECTOS 100-01-240-012650-4 | C38: =SUM(C35:C37) -> 4.9755802e+08 | D38: =SUM(D35:D37) -> 3.6217518e+08
A39: Sub - Total Cuentas Corriente RD$ | C39: =C22+C29+C34+C38 -> 8.4703327e+08 | D39: =D22+D29+D34+D38 -> 1.5184776e+09
A40: 100250100 | B40: CUENTA DE DOLARES 200-02-240-003911-8 | C40: -1.6130339e+08 | D40: 1.7651115e+09
A41: 100250103 | B41: N/C 200-02-240-003911-8 | C41: 1190.57 | D41: 0
A42: 100250104 | B42: N/D 200-02-240-003911-8 | C42: 0 | D42: 0
A43: 100250105 | B43: T/D 200-02-240-003911-8 | C43: 26740927 | D43: 0
A44: 100250106 | B44: T/C 200-02-240-003911-8 | C44: 12755904 | D44: 0
A45: 100260106 | B45: T/C MINICENTRALES | C45: -0.03 | D45: -0.03
A46: 100290000 | B46: Efectivo- Diferencia en cambio | C46: 7.3624239e+08 | D46: 6.3935117e+08
B47: CUENTA DE DOLARES 200-02-240-003911-8 | C47: =SUM(C40:C46) -> 6.1443702e+08 | D47: =SUM(D40:D46) -> 2.4044627e+09
A48: Sub - Total Cuentas Corriente USD$ (a) | C48: =C47 -> 6.1443702e+08 | D48: =D47 -> 2.4044627e+09
A49: Total Efectivo y equivalentes de efectivo | C49: =C15+C39+C48 -> 1.4627844e+09 | D49: =D15+D39+D48 -> 3.9241753e+09
C50: 0 | D50: 0
A52: (a) El efectivo y equivalente de efectivo incluye US$9,140,844.27 al 31 de diciembre 2025 (2024: US$39,487,073.14).
A55: Nota #9 Inversiones a Corto Plazo. | C55: 2025 | D55: 2024
A56: Un detalle de las inversiones y su equivalente al 31 de diciembre de 2025 y 2024 es como sigue:
A57: 110300100 | B57: INVERSIONES US$ (a) | C57: 1.5493411e+09 | D57: 2.2066713e+09
A58: 110300110 | B58: Inversion- Diferencia en cambio | C58: 5.9702227e+08 | D58: 4.9029868e+08
A59: 110300200 | B59: 110300200 INVERSIONES EN RD$ | C59: 0.05 | D59: 7.5128583e+08
A60: Total Fondos Inversiones | C60: =SUM(C57:C59) -> 2.1463633e+09 | D60: =SUM(D57:D59) -> 3.4482558e+09
C61: 0 | D61: 0
A63: (a) Las inversiones corresponden a certificados financieros. Incluye US$34,122,589.75 al 31 de diciembre 2025 (2024: US$$44,290,749.77).
A65: Los certificados financieros en pesos DOP mantienen una tasa de interés que oscila entre el 4.02% y 4.73% con vencimiento comprendidos entre el 3 de febrero de 2025 y 1 de mayo de 2025.
A67: Certificado financiero en dólar USD mantienen una tasa de interés de 3.55% con vencimiento al 30 de septiembre de 2027.
A69: Nota #10 Cuentas por cobrar a corto plazo. | C69: 2025 | D69: 2024
A70: Un detalle de las cuentas por cobrar a corto plazo al 31 de diciembre de 2025 y 2024 es como sigue:
A71: 110400100 | B71: CXC MERCADO SPOT
A72: 110400200 | B72: CXC MERCADO CONTRATO
A73: 110400301 | B73: CUENTA POR COBRAR SUJETO A CONDONACION
A74: 110400302 | B74: CUENTA POR COBRAR INT.SUJETA CONDONACION
A75: 110400303 | B75: CUENTA POR COBRAR INT.POSTCONDONACION
A76: 110400210 | B76: DEUDORES AJUSTE POR DIFERENCIA CAMBIARI | C76: 1.6595481e+10 | D76: 1.4944515e+10
A77: 110400410 | B77: CUENTAS POR COBRAR COOPERATIVA CDEEE | C77: 6197916.5 | D77: 8854166.5
A78: 110400500 | B78: CUENTAS POR COBRAR EMPLEADOS | C78: -424397.28 | D78: -604605.42
A79: 110400510 | B79: CXC EMPL. AVANCE A PRESTACIONES LABORA | C79: 87447639 | D79: 96200639
A80: 110400600 | B80: CXC EMPLEADOS SUJETO A LIQUIDACION | C80: 5658800 | D80: 4189000
A81: 110400800 | B81: RECLAMACIONES POR COBRAR | C81: 1974076.1 | D81: 1974076.1
A82: 110400900 | B82: PROVISION PARA CUENTAS INCOBRABLES | C82: -4513917.2 | D82: -4513917.2
A83: 200200115 | B83: PROVISION CUENTAS POR PAG. DEMANDAS EXEMPLEADOS | C83: 20943225 | D83: 20943225
A84: 200200108 | B84: NOMINA POR PAGAR JORNALES | C84: 25939.6 | D84: 0
B85: Cuentas Por Cobrar Empresas del Sector Publico No Financiero | C85: ='SPNF CXC '!C15 -> 7.6857177e+10 | D85: ='SPNF CXC '!D15 -> 7.6220262e+10
A86: Total Cuentas por Cobrar | C86: =SUM(C76:C85) -> 9.3569968e+10 | D86: =SUM(D76:D85) -> 9.1291819e+10
C87: 0 | D87: 0
A89: Nota #11 Inventarios | C89: 2025 | D89: 2024
A90: Un detalle de las partidas de inventario al 31 de diciembre de 2025 y 2024 es como sigue:
A91: 110500101 | B91: PRODUCTOS DE PAPEL Y CARTON | C91: 1875368.3 | D91: 2004101.7
A92: 110500102 | B92: PRODUCTOS PLASTICOS | C92: 868923.91 | D92: 3088412
A93: 110500103 | B93: PAPELERIA | C93: 220860.5 | D93: 331661.77
A94: 110500104 | B94: MATERIAL GASTABLE DE OFICINA | C94: 722610.69 | D94: 1003057.7
A95: 110500105 | B95: MATERIALES ELECTRICOS | C95: 8037306.8 | D95: 10751464
A96: 110500106 | B96: MATERIALES MECANICOS | C96: 25332106 | D96: 13901737
A97: 110500107 | B97: HERRAMIENTAS DE METAL | C97: 39069.12 | D97: 243473.52
A98: 110500108 | B98: EQUIPO DE PRODUCCION | C98: 112202.36 | D98: 131663.07
A99: 110500109 | B99: ARTICULOS DE LIMPIEZA | C99: 579436.22 | D99: 898203.97
A100: 110500110 | B100: CALZADO | C100: 0 | D100: 131238.77
A101: 110500111 | B101: UNIFORMES | C101: 55081.48 | D101: 18.2
A102: 110500112 | B102: CERRAJERIA | C102: 11652.93 | D102: 12850.67
... A118: 110500130 | B118: ALIMENTOS Y REFREIGERIOS | C118: 60585.63 | D118: 383613.35
A119: Total Inventarios | C119: =SUM(C91:C118) -> 56840603 | D119: =SUM(D91:D118) -> 49112480
C120: 0 | D120: 0
A122: Nota# 12 Pagos anticipados y otros activos corrientes | C122: 2025 | D122: 2024
A123: Un detalle de los pagos anticipados al 31 de diciembre de 2025 y 2024 es como sigue:
A124: 110600100 | B124: ANTICIPOS A PROVEEDORES | C124: 2.5952468e+08 | D124: 3.2224642e+08
A125: 110600200 | B125: ANTICIPOS A CONTRATISTAS | C125: 6.5131239e+09 | D125: 3.9611375e+09
A126: 130100100 | B126: GASTOS PAG. POR ADELANTADO | C126: 3222859.5 | D126: 165158.66
A127: 130900100 | B127: ACTIVO POR DERECHO DE USO | C127: 0 | D127: 5603409
A128: 130900110 | B128: AMORTIZACION ACTIVO POR DERECHO DE USO | C128: 0 | D128: -1067531
A129: Total Gastos Pagados por Anticipado | C129: =SUM(C124:C128) -> 6.7758715e+09 | D129: =SUM(D124:D128) -> 4.288085e+09
...

Sheet Nota #13 Propiedad, Planta y EQ
A4: Nota# 13 Propiedad planta y equipo
A5: Descripccion | B5: Terreno | C5: Edificaciones | D5: Presas y equipos de subestación | E5: Mobiliario y equipos de oficina | F5: Equipos de transporte y otros activos | G5: Piezas y accesorios | H5: Construcción en proceso | I5: Total
A6: Costo de adquisición
A7: Al 01 de enero de 2025 | B7: 8787087810 | C7: =71719803068.37-11 -> 7.1719803e+10 | D7: =21572551201.98-424 -> 2.1572551e+10 | E7: =175958961.55-19099 -> 1.7593986e+08 | F7: =4762813875.13-70818784.7 -> 4.6919951e+09 | G7: =66975005.11-8330.15 -> 66966675 | H7: 2.8984216e+10 | I7: =SUM(B7:H7) -> 1.3599856e+11
A8: Adiciones | B8: 0 | C8: 0 | D8: 1156400 | E8: 1432432.4 | F8: =181191766.39+70818784.7-2082496.89 -> 2.4992805e+08 | G8: 384323.53 | H8: 1.198724e+10 | I8: =SUM(B8:H8) -> 1.2240141e+10
A9: Superávit revaluación | B9: 0 | C9: 0 | D9: 0 | E9: 0 | F9: 0 | G9: 0 | H9: 0 | I9: =SUM(B9:H9) -> 0
A10: Retiros | B10: 0 | C10: 0 | D10: 0 | E10: 0 | F10: 0 | G10: 0 | H10: 0 | I10: =SUM(B10:H10) -> 0
A11: Otros | B11: 0 | C11: 0 | D11: 0 | E11: 0 | F11: 0 | G11: 0 | H11: -2.1499819e+09 | I11: =SUM(B11:H11) -> -2.1499819e+09
A12: Transferencias | B12: 0 | C12: 2.6714575e+09 | D12: 9.1459187e+08 | E12: 0 | F12: 0 | G12: 0 | H12: -3.5860493e+09 | I12: =SUM(B12:H12) -> 0
A13: Saldo al final del periodo | B13: =SUM(B7:B12) -> 8787087810 | C13: =SUM(C7:C12) -> 7.4391261e+10 | D13: =SUM(D7:D12) -> 2.2488299e+10 | E13: =SUM(E7:E12) -> 1.7737229e+08 | F13: =SUM(F7:F12) -> 4.9419231e+09 | G13: =SUM(G7:G12) -> 67350998 | H13: =SUM(H7:H12) -> 3.5235425e+10 | I13: =SUM(B13:H13) -> 1.4608872e+11
A14: Depreciación acumulada
A15: Dep. Acum. al inicio del periodo | B15: 0 | C15: -1.9723043e+10 | D15: -8.0932162e+09 | E15: -1.6242099e+08 | F15: -2.9604266e+09 | G15: -55884919 | H15: 0 | I15: =SUM(B15:H15) -> -3.0994991e+10 | J15: 0
A16: Cargo del periodo | B16: 0 | C16: -2.495655e+09 | D16: -9.8485888e+08 | E16: -4378832.6 | F16: -3.5860731e+08 | G16: -3692867.2 | H16: 0 | I16: =SUM(B16:H16) -> -3.8471929e+09
A17: Retiros | B17: 0 | C17: 0 | D17: 0 | E17: 0 | F17: 0 | G17: 0 | H17: 0 | I17: =SUM(B17:H17) -> 0
A18: Saldo al final del periodo | B18: =SUM(B15:B17) -> 0 | C18: =SUM(C15:C17) -> -2.2218698e+10 | D18: =SUM(D15:D17) -> -9.0780751e+09 | E18: =SUM(E15:E17) -> -1.6679983e+08 | F18: =SUM(F15:F17) -> -3.3190339e+09 | G18: =SUM(G15:G17) -> -59577786 | H18: =SUM(H15:H17) -> 0 | I18: =SUM(B18:H18) -> -3.4842184e+10
A19: Prop. planta y equipos neto (Diciembre 2025) | B19: =+B13+B18 -> 8787087810 | C19: =+C13+C18 -> 5.2172563e+10 | D19: =+D13+D18 -> 1.3410224e+10 | E19: =+E13+E18 -> 10572469 | F19: =+F13+F18 -> 1.6228892e+09 | G19: =+G13+G18 -> 7773212.5 | H19: =+H13+H18 -> 3.5235425e+10 | I19: =+I13+I18 -> 1.1124653e+11 | J19: 0
C21: Conciliación presentación de depreciación con Nota de Propiedad, Planta y Equipo
B22: Divulgado en Nota 21 | C22: 501000100 | D22: DEP. EDIF. MAQ. Y EQUIPOS DE PRODUCCIO | E22: 2.4055725e+09
C23: 501000200 | D23: DEP. HERRAM. Y EQUIPOS DE TRABAJO 15% A | E23: 1.0825315e+09
C24: 501000300 | D24: DEP. EQUIPOS: TRANSP. OFIC COMPUTOS Y | E24: 45087518
C25: Total Costos de depreciación | E25: =SUM(E22:E24) -> 3.5331915e+09
B27: Divulgado en Nota 25 | C27: 601000100 | D27: DEP. EDIF. MAQ. Y EQUIPOS DE PRODUCCIO | E27: 98468492
C28: 601000200 | D28: DEP. HERRAM. Y EQUIPOS DE TRABAJO 15% A | E28: 62894079
C29: 601000300 | D29: DEP. EQUIPOS: TRANSP. OFIC COMPUTOS Y | E29: 1.5263883e+08
C30: Total Gastos de Depreciacion | E30: =SUM(E27:E29) -> 3.140014e+08
C32: Total Gastos de Depreciacion | E32: =E25+E30 -> 3.8471929e+09

Sheet Construcción en Proceso
C1: CONSTRUCCIONES EN PROCESO
A3: Activo fijo | B3: Subnúmero | C3: Sociedad | D3: Pos.balance | E3: Cuenta balance CAP | F3: Clase activos fijos | G3: Capitalizado el | H3: Denominación del activo fijo | I3: Moneda | J3: CAP actuales | K3: Amo acumulada | L3: Val.cont.act.
A4: 107100000021 | B4: 0 | C4: 2000 | D4: 8000000 | E4: 123100000 | F4: 107-100 | G4: 40178 | H4: Certificaciones Fase I | I4: DOP | J4: 2.0443236e+09 | K4: 0 | L4: 2.0443236e+09
A5: 107100000038 | B5: 0 | C5: 2000 | D5: 8000000 | E5: 123100000 | F5: 107-100 | G5: 40178 | H5: Obra de Expansión Hatillo (10Mw) | I5: DOP | J5: 1.0100445e+09 | K5: 0 | L5: 1.0100445e+09
A6: 107100000146 | B6: 0 | C6: 2000 | D6: 8000000 | E6: 123100000 | F6: 107-100 | G6: 41274 | H6: Previos Fase II (Certificados) | I6: DOP | J6: 562454698 | K6: 0 | L6: 562454698
A7: 107100000219 | B7: 0 | C7: 2000 | D7: 8000000 | E7: 123100000 | F7: 107-100 | G7: 41639 | H7: Fase II Construccion | I7: DOP | J7: 8.3404289e+08 | K7: 0 | L7: 8.3404289e+08
A8: 107100000287 | B8: 0 | C8: 2000 | D8: 8000000 | E8: 123100000 | F8: 107-100 | G8: 41639 | H8: Const Presa Palma Sola | I8: DOP | J8: 7924540.5 | K8: 0 | L8: 7924540.5
A9: 107100000538 | B9: 0 | C9: 2000 | D9: 8000000 | E9: 123100000 | F9: 107-100 | G9: 42613 | H9: Rehab. Puente Grua Casa Maqui Tavera | I9: DOP | J9: 9273605.7 | K9: 0 | L9: 9273605.7
A10: 107100000563 | B10: 0 | C10: 2000 | D10: 8000000 | E10: 123100000 | F10: 107-100 | G10: 42735 | H10: MANTENIMIENTO MAYOR TURBINAS | I10: DOP | J10: 1484994.6 | K10: 0 | L10: 1484994.6
A11: 107100000665 | B11: 0 | C11: 2000 | D11: 8000000 | E11: 123100000 | F11: 107-100 | G11: 43190 | H11: Gcia Sub y Redes Central Jiguey, Sab, To | I11: DOP | J11: 17096181 | K11: 0 | L11: 17096181
A12: 107100000673 | B12: 0 | C12: 2000 | D12: 8000000 | E12: 123100000 | F12: 107-100 | G12: 43190 | H12: Actualizacion Sistema SCADA 586/2017 | I12: DOP | J12: 25271531 | K12: 0 | L12: 25271531
A13: 107100000719 | B13: 0 | C13: 2000 | D13: 8000000 | E13: 123100000 | F13: 107-100 | G13: 43312 | H13: Rehab. Redes MT Pizarrete, Peravia, RD | I13: DOP | J13: 5936128 | K13: 0 | L13: 5936128
A14: 107100000725 | B14: 0 | C14: 2000 | D14: 8000000 | E14: 123100000 | F14: 107-100 | G14: 43281 | H14: Const Destacamento Militar CH Pinalito | I14: DOP | J14: 2095307.7 | K14: 0 | L14: 2095307.7
A15: 107100000750 | B15: 0 | C15: 2000 | D15: 8000000 | E15: 123100000 | F15: 107-100 | G15: 43404 | H15: Sand Blasting Trat.Anticorrosivo Moncion | I15: DOP | J15: 47288522 | K15: 0 | L15: 47288522
... A110: 107100001034 | B110: 0 | C110: 2000 | D110: 8000000 | E110: 123100000 | F110: 107-100 | G110: 44926 | H110: Term. Dique Nuevo y Viejo Matayaya | I110: DOP | J110: 1.4949867e+08 | K110: 0 | L110: 1.4949867e+08
A111: 107100001035 | B111: 0 | C111: 2000 | D111: 8000000 | E111: 123100000 | F111: 107-100 | G111: 44926 | H111: Read. Sol. Mont. Presa Palomino | I111: DOP | J111: =-20505263.65+35311861 -> 14806597 | K111: 0 | L111: =-20505263.65+35311861 -> 14806597
A112: 107100001037 | B112: 0 | C112: 2000 | D112: 8000000 | E112: 123100000 | F112: 107-100 | G112: 44926 | H112: Mant. Reh. Obras Hidraul Las Barias | I112: DOP | J112: =-28650194.91+111492586.51 -> 82842392 | K112: 0 | L112: =-28650194.91+111492586.51 -> 82842392
A113: 107100001038 | B113: 0 | C113: 2000 | D113: 8000000 | E113: 123100000 | F113: 107-100 | G113: 44985 | H113: Mant. Reh. 13 KM CRJDC | I113: DOP | J113: 1.3796989e+08 | K113: 0 | L113: 1.3796989e+08
A114: 107100001039 | B114: 0 | C114: 2000 | D114: 8000000 | E114: 123100000 | F114: 107-100 | G114: 45077 | H114: Rehab. Carretera Cuesta - Loma Palos | I114: DOP | J114: 1.7776678e+08 | K114: 0 | L114: 1.7776678e+08
A115: 107100001041 | B115: 0 | C115: 2000 | D115: 8000000 | E115: 123100000 | F115: 107-100 | G115: 45077 | H115: Rehab. Sist. Riego Nizao Najayo | I115: DOP | J115: 2.2762184e+08 | K115: 0 | L115: 2.2762184e+08
A116: 107100001043 | B116: 0 | C116: 2000 | D116: 8000000 | E116: 123100000 | F116: 107-100 | G116: 45291 | H116: Const. Camino Jaguita-Alt. Aguacate | I116: DOP | J116: 26586664 | K116: 0 | L116: 26586664
A117: 107100001044 | B117: 0 | C117: 2000 | D117: 8000000 | E117: 123100000 | F117: 107-100 | G117: 45138 | H117: Const. Camino Jina El Morro | I117: DOP | J117: 1.2711038e+08 | K117: 0 | L117: 1.2711038e+08
A118: 107100001046 | B118: 0 | C118: 2000 | D118: 8000000 | E118: 123100000 | F118: 107-100 | G118: 45716 | H118: Mant. Corr. Alto Ubaldos San F. Guazu | I118: DOP | J118: 52492340 | K118: 0 | L118: 52492340
A119: 107100001047 | B119: 0 | C119: 2000 | D119: 8000000 | E119: 123100000 | F119: 107-100 | G119: 45382 | H119: Mant. Corr. Camino Canelilla Coles | I119: DOP | J119: 87395143 | K119: 0 | L119: 87395143
A120: 107100001048 | B120: 0 | C120: 2000 | D120: 8000000 | E120: 123100000 | F120: 107-100 | G120: 45230 | H120: Rehab. Caminos Guard. y Baitoa | I120: DOP | J120: 2.6532215e+08 | K120: 0 | L120: 2.6532215e+08
A121: 107100001049 | B121: 0 | C121: 2000 | D121: 8000000 | E121: 123100000 | F121: 107-100 | G121: 45291 | H121: Caminos Ady. Presa Moncion Iluminacion | I121: DOP | J121: 1.2900432e+08 | K121: 0 | L121: 1.2900432e+08
A122: 107100001051 | B122: 0 | C122: 2000 | D122: 8000000 | E122: 123100000 | F122: 107-100 | G122: 45138 | H122: Reha. Tramo Carretero Rosa-Sabana Toro | I122: DOP | J122: 1.5301405e+08 | K122: 0 | L122: 1.5301405e+08
A123: 107100001053 | B123: 0 | C123: 2000 | D123: 8000000 | E123: 123100000 | F123: 107-100 | G123: 45107 | H123: Verja Perimetral Brazo Derecho | I123: DOP | J123: 22579539 | K123: 0 | L123: 22579539
A124: 107100001054 | B124: 0 | C124: 2000 | D124: 8000000 | E124: 123100000 | F124: 107-100 | G124: 45351 | H124: Mant. Correctivo Lateral Der. CH Tavera | I124: DOP | J124: 1.0470174e+08 | K124: 0 | L124: 1.0470174e+08
... A146: 107100001078 | B146: 0 | C146: 2000 | D146: 8000000 | E146: 123100000 | F146: 107-100 | G146: 45291 | H146: Rec. Camino Rubio-Corocito | I146: DOP | J146: 8.8865681e+08 | K146: 0 | L146: 8.8865681e+08
A147: 107100001079 | B147: 0 | C147: 2000 | D147: 8000000 | E147: 123100000 | F147: 107-100 | G147: 45169 | H147: Cons Dest Militar Alto Bandera | I147: DOP | J147: =+-878009.71+9764447.14 -> 8886437.4 | K147: 0 | L147: =-878009.71+9764447.14 -> 8886437.4
A148: 107100001080 | B148: 0 | C148: 2000 | D148: 8000000 | E148: 123100000 | F148: 107-100 | G148: 45412 | H148: Cons. Arroyo Los Calimetes | I148: DOP | J148: 1.7910389e+08 | K148: 0 | L148: 1.7910389e+08
A149: 107100001081 | B149: 0 | C149: 2000 | D149: 8000000 | E149: 123100000 | F149: 107-100 | G149: 45260 | H149: Cons. Camino Jina-El Coco | I149: DOP | J149: 1.3007937e+08 | K149: 0 | L149: 1.3007937e+08
A150: 107100001082 | B150: 0 | C150: 2000 | D150: 8000000 | E150: 123100000 | F150: 107-100 | G150: 45351 | H150: Rec. Carr. Carrizal-Guazuma | I150: DOP | J150: 6305125.6 | K150: 0 | L150: 6305125.6
A151: 107100001083 | B151: 0 | C151: 2000 | D151: 8000000 | E151: 123100000 | F151: 107-100 | G151: 45260 | H151: Const. Verja Tenguerengue | I151: DOP | J151: 1.4741604e+08 | K151: 0 | L151: 1.4741604e+08
A152: 107100001084 | B152: 0 | C152: 2000 | D152: 8000000 | E152: 123100000 | F152: 107-100 | G152: 45291 | H152: Rec. Camino Celestina-Rubio | I152: DOP | J152: 2.2873906e+08 | K152: 0 | L152: 2.2873906e+08
A153: 107100001087 | B153: 0 | C153: 2000 | D153: 8000000 | E153: 123100000 | F153: 107-100 | G153: 45291 | H153: Const. Calles Pinalito M. Janico | I153: DOP | J153: 2.8255068e+08 | K153: 0 | L153: 2.8255068e+08
A154: 107100001088 | B154: 0 | C154: 2000 | D154: 8000000 | E154: 123100000 | F154: 107-100 | G154: 45961 | H154: Cons Club Sol Naciente Sainagua | I154: DOP | J154: 16424152 | K154: 0 | L154: 16424152
A155: 107100001089 | B155: 0 | C155: 2000 | D155: 8000000 | E155: 123100000 | F155: 107-100 | G155: 45291 | H155: Mov. Tierra Brazo Derecho | I155: DOP | J155: 17445192 | K155: 0 | L155: 17445192
A156: 107100001092 | B156: 0 | C156: 2000 | D156: 8000000 | E156: 123100000 | F156: 107-100 | G156: 45688 | H156: Iglesia San Greg Magno 154/2023 | I156: DOP | J156: 1663047.3 | K156: 0 | L156: 1663047.3
A157: 107100001093 | B157: 0 | C157: 2000 | D157: 8000000 | E157: 123100000 | F157: 107-100 | G157: 45504 | H157: Rec. Calle Tuto Garcia Baitoa Puñal | I157: DOP | J157: 49632210 | K157: 0 | L157: 49632210
A158: 107100001095 | B158: 0 | C158: 2000 | D158: 8000000 | E158: 123100000 | F158: 107-100 | G158: 45626 | H158: Rec. Camino Cuesta Mela | I158: DOP | J158: 34438552 | K158: 0 | L158: 34438552
A159: 107100001097 | B159: 0 | C159: 2000 | D159: 8000000 | E159: 123100000 | F159: 107-100 | G159: 45382 | H159: Const. Puente Rio Jamey | I159: DOP | J159: 11094699 | K159: 0 | L159: 11094699
... A213: 107100001178 | B213: 0 | C213: 2000 | D213: 8000000 | E213: 123100000 | F213: 107-100 | G213: 45930 | H213: Const. Muro Gaviones Nigua Yubazo | I213: DOP | J213: 5.119886e+08 | K213: 0 | L213: 5.119886e+08
B214: 0 | C214: 2000 | D214: 8000000 | E214: 123100511 | F214: 107-100 | G214: Julio 2025 | H214: Cons Funeraria El Caribe El Ve | I214: DOP | J214: 1402507.2 | K214: 0 | L214: 1402507.2
B215: 0 | C215: 2000 | D215: 8000000 | E215: 123100511 | F215: 107-100 | G215: Noviembre 2025 | H215: Cons Dest Policial Azua | I215: DOP | J215: 1606945.1 | K215: 0 | L215: 1606945.1
B216: 0 | C216: 2000 | D216: 8000000 | E216: 123100511 | F216: 107-100 | G216: Julio 2025 | H216: Cont. Carretera Moncion a Mao | I216: DOP | J216: 66045346 | K216: 0 | L216: 66045346
B217: 0 | C217: 2000 | D217: 8000000 | E217: 123100511 | F217: 107-100 | G217: Agosto 2025 | H217: Mantenimiento Rehab Presa Palo | I217: DOP | J217: 33150813 | K217: 0 | L217: 33150813
B218: 0 | C218: 2000 | D218: 8000000 | E218: 123100511 | F218: 107-100 | G218: Agosto 2025 | H218: Mant. Vias Jiguey-Aguacate | I218: DOP | J218: 14613873 | K218: 0 | L218: 14613873
B219: 0 | C219: 2000 | D219: 8000000 | E219: 123100200 | H219: CONST.PARQUE SOLAR FOTOVOLTAICO DOMINGO RGUEZ | I219: DOP | J219: 4.6619934e+08 | K219: 0 | L219: 4.6619934e+08
B220: 0 | C220: 2000 | D220: 8000000 | E220: 123100510 | H220: REV. CONST. EN PROCESO HIDROBOMBEO SABANETA | I220: DOP | J220: 30278636 | K220: 0 | L220: 30278636
J222: =SUM(J4:J220) -> 4.0687019e+10 | K222: =SUM(K4:K220) -> 0 | L222: =SUM(L4:L220) -> 4.0687019e+10
J223: -5.4515947e+09 | K223: 0 | L223: -5.4515947e+09
J224: =SUM(J222:J223) -> 3.5235425e+10 | K224: =SUM(K222:K223) -> 0 | L224: =SUM(L222:L223) -> 3.5235425e+10
J225: =J224-'Nota #13 Propiedad, Planta y EQ'!H19 -> -0.20001221 | L225: =L224-'Nota #13 Propiedad, Planta y EQ'!H19 -> -0.20001221

Sheet SPNF CXC 
B2: EMPRESA DE GENERACION HIDROELECTRICA DOMINICANA
B3: Cuentas Por Cobrar (Nota 9)
B4: EMPRESA DEL SECTOR PUBLICO NO FINANCIERO
B5: Valores en RD$
C7: 2025 | D7: 2024
B8: CDEEE | C8: 3.742964e+10 | D8: 3.742964e+10
B9: EDEESTE | C9: 2.0735761e+10 | D9: 2.0306924e+10
B10: EDENORTE | C10: 9.9491177e+09 | D10: 10410756853
B11: EDESUR | C11: 8.1108383e+09 | D11: 7.9263012e+09
B12: ETED | C12: 2820600 | D12: 2101695
B13: PUNTA CATALINA | C13: 20558428 | D13: 28844927
B14: OTRAS CUENTAS POR COBRAR | C14: 6.0844069e+08 | D14: 1.1569299e+08
C15: =SUM(C8:C14) -> 7.6857177e+10 | D15: =SUM(D8:D14) -> 7.6220262e+10

Sheet  SPNF CXP
B1: EMPRESA DE GENERACION HIDROELECTRICA DOMINICANA BALANCE CUENTAS POR PAGAR 31-12-2025-2024 SECTOR NO FINANCIERO
B7: NOMBRE DEL PROVEEDOR | C7: 2025 | D7: 2024
B8: CORPORACION DE EMPRESAS ESTATALES ELECTRICAS | C8: 1.0714278e+09 | D8: 1.0714278e+09
B9: DISTRIBUIDORA DE ELECTRICIDAD DEL ESTE | C9: 789210 | D9: 42545
B10: DISTRIBUIDORA DE ELECTRICIDAD DEL NORTE | C10: 168911 | D10: 663761.4
B11: DISTRIBUIDORA DE ELECTRICIDAD DEL SUR | C11: 255843 | D11: 1595936.1
B12: EMPRESA DE TRANSMISION ELECTRICA DOMINICANA | C12: 1.9869261e+10 | D12: 1.9848812e+10
B13: INSTITUTO NACIONAL DE RECURSOS HIDRAULICOS | C13: 2.3140007e+08 | D13: 3.4710007e+08
B14: MINISTERIO DE MEDIO AMBIENTE | C14: 22964500 | D14: 23071500
B15: OTRAS CUENTAS POR PAGAR | C15: =2698232251.64-18567396.58+176000-31154324.29 -> 2.6486865e+09 | D15: =1806547745.95+21010025.11 -> 1.8275578e+09
B16: TOTALES EN RD$ | C16: =SUM(C8:C15) -> 2.3844954e+10 | D16: =SUM(D8:D15) -> 2.3120272e+10
C17: =C16-'Notas de la 8-27'!C154 -> 0 | D17: =D16-'Notas de la 8-27'!D154 -> 0
D19: Preparado por:
D20: Cuentas por Pagar

Sheet AYUDAS Y DONACIONES
B2: EMPRESA DE GENERACION HIDROELECTRICA DOMINICANA (NOTA 23)
B3: SUBVENCIONES , AYUDAS Y DONACIONES
B4: CLASIFICACION DE CUENTAS
D5: 2025
A6: CUENTA | B6: NOMBRE | C6: DONACION AL SECTOR PRIVADO | D6: AYUNTAMIENTOS Y JUNTAS | E6: DONACIONES A PERSONAS | F6: DONACIONES Y TRANSF.A OTRAS INST.DEL SPNF/EMPRESAS PUBLICAS NO FINANCIERAS | G6: OTRAS INSTITUCIONES | H6: TOTAL DONACIONES RD$
A7: 600800270 | B7: PROYECTO ESPECIALES DE LA PRESIDENCIA | C7: 0 | H7: =SUM(C7:G7) -> 0
A8: 600900300 | B8: AYUDAS Y DONACIONES A PERSONAS | E8: 1208903.1 | H8: =SUM(C8:G8) -> 1208903.1
A9: 600900400 | B9: APORTES A INSTITUCIONES PÚBLICAS NO FINANCIERAS | F9: 10017156 | H9: =SUM(C9:G9) -> 10017156
A10: 600900702 | B10: APORTES AYUNTAMIENTOS Y JUNTAS. | D10: 17978560 | H10: =SUM(C10:G10) -> 17978560
A11: 600900700 | B11: APORTES A INSTITUCIONES NO GUBERNAMENTALES | G11: 10108285 | H11: =SUM(C11:G11) -> 10108285
B12: TOTALES DE DONACIONES | C12: =SUM(C7:C11) -> 0 | D12: =SUM(D7:D11) -> 17978560 | E12: =SUM(E7:E11) -> 1208903.1 | F12: =SUM(F7:F11) -> 10017156 | G12: =SUM(G7:G11) -> 10108285 | H12: =SUM(H7:H11) -> 39312905
H13: 0
